 Dungeon Crawl Stone Soup version 0.29-a0-72-g1732ff48e7 (webtiles) character file.

Game seed: 6097007975694958363

730 fragbeetle the Chopper (level 7, -8/61 HPs)
             Began as a Hill Orc Cinder Acolyte on Feb 4, 2022.
             Was a High Priest of Ignis.
             Mangled by an ogre (29 damage)
             ... on level 5 of the Dungeon.
             The game lasted 00:11:38 (6387 turns).

fragbeetle the Chopper (Hill Orc Cinder Acolyte)    Turns: 6387, Time: 00:11:40

Health: -8/61      AC:  4    Str: 19    XL:     7   Next: 73%
Magic:  6/10       EV: 11    Int: 14    God:    Ignis [*****.]
Gold:   136        SH:  0    Dex:  6    Spells: 9/11 levels left

rFire   + . .      SeeInvis .   a - -1 hand axe (flame)
rCold   . . .      Faith    .   (no shield)
rNeg    . . .      Spirit   .   D - +0 leather armour
rPois   .          Reflect  .   (no helmet)
rElec   .          Harm     .   (no cloak)
rCorr   .          Rampage  .   l - +0 pair of gloves
Will    .....                   (no boots)
Stlth   +.........              (no amulet)
HPRegen 0.20/turn               (no ring)
MPRegen 0.12/turn               (no ring)

@: no status effects
A: no striking features
a: Renounce Religion, Fiery Armour, Foxfire Swarm, Rising Flame


You were on level 5 of the Dungeon.
You worshipped Ignis.
Ignis was extremely pleased with you.
You visited 1 branch of the dungeon, and saw 5 of its levels.

You collected 186 gold pieces.
You spent 50 gold pieces at shops.

Inventory:

Hand Weapons
 a - a -1 hand axe of flaming (weapon)
 b - a +0 hunting sling
 s - a +1 flail of holy wrath
 C - a +0 war axe
Missiles
 k - a throwing net
 t - 17 sling bullets
 w - 16 poisoned darts
Armour
 j - a +0 scale mail of poison resistance
 l - a +0 pair of gloves (worn)
 v - the +1 ring mail of Dumuho {Contam rCorr Int-2 Slay+6}
   (You found it on level 3 of the Dungeon)

   Int:       It affects your intelligence (-2).
   Slay:      It affects your accuracy & damage with ranged weapons and melee
   (+6).
   Contam:    It causes magical contamination when unequipped.
   rCorr:     It protects you from acid and corrosion.
 D - a +0 leather armour (worn)
Jewellery
 g - a ring of resist corrosion
 p - a ring of magical power
Wands
 u - a wand of charming (7)
 x - a wand of acid (12)
 y - a wand of digging (7)
Scrolls
 e - 5 scrolls of teleportation
 f - 2 scrolls of blinking {unknown}
 h - a scroll of brand weapon {unknown}
 m - a scroll of immolation
 A - a scroll of amnesia {unknown}
 B - a scroll of vulnerability {unknown}
 E - a scroll of enchant weapon {unknown}
Potions
 c - a potion of curing {unknown}
 i - 3 potions of degeneration {unknown}
 n - 2 potions of might
 o - a potion of lignification {unknown}
 q - a potion of mutation {unknown}
 r - a potion of cancellation {unknown}
 z - 2 potions of heal wounds
 F - 2 potions of haste {unknown}


   Skills:
 + Level 5.3 Fighting
 * Level 7.4 Axes
 + Level 2.5 Spellcasting
 * Level 6.2 Fire Magic


You had 9 spell levels left.
You knew the following spells:

 Your Spells              Type           Power      Damage    Failure   Level
a - Scorch                Fire           38%        2d7       3%          2

Your spell library contained the following spells:

 Spells                   Type           Power      Damage    Failure   Level
 Summon Guardian Golem    Hex/Summ       1%         N/A       63%         3
 Orb of Destruction       Conj           0%         9d5       100%        7
 Spellforged Servitor     Conj/Summ      0%         N/A       100%        7


Dungeon Overview and Level Annotations

Branches:
Dungeon (5/15)
 Temple: D:4-7

Altars:
Dithmenos
Makhleb
The Shining One

Shops:
D:2 [   D:4 ?


Message History

You hit the ogre. You burn the ogre.
The ogre is heavily wounded.
The ogre is no longer more vulnerable to fire.
You hit the ogre. You burn the ogre.
The ogre is almost dead.
The ogre hits you with a +0 giant club!!
You hit the ogre. You burn the ogre.
The ogre is almost dead.
The ogre hits you with a +0 giant club.
* * * LOW HITPOINT WARNING * * *
You hit the ogre but do no damage.
The ogre is almost dead.
You hit the ogre. You burn the ogre.
The ogre is almost dead.
The ogre misses you.
You hit the ogre. You burn the ogre.
You kill the ogre!
You start resting.
An ogre comes into view. It is wielding a +0 giant club.
You climb upwards.
There is a stone staircase leading down here.
You start resting.
Magic restored.
You start resting.
HP restored.
You climb downwards.
The ogre hits you with a +0 giant club!! x2
There is a stone staircase leading up, spattered with blood here.
You are too injured to fight recklessly!
Casting: Scorch (safe; 3% risk of failure)
Confirm with . or Enter, or press ? or * to list all spells.
Flames lash the ogre.
The ogre is lightly wounded.
The ogre's fire resistance burns away.
Casting: Scorch (safe; 3% risk of failure)
Confirm with . or Enter, or press ? or * to list all spells.
Flames lash the ogre.
The ogre is burned terribly!
The ogre is severely wounded.
The ogre hits you with a +0 giant club!!
You die...

..≈.......≈.
#.≈.≈≈≈≈≈.≈.
...........
#..........
#..........
#..........
#...)......
#..@.......
#.O........
#......(...
#..........
#####.####.
.# .# ##


You could see an ogre (combustible).

Vanquished Creatures
  2 ogres (D:5)
  A scorpion (D:5)
  A howler monkey (D:5)
  A hound (D:5)
  An orc priest (D:5)
  A centaur skeleton (D:5)
  A jelly (D:5)
  A bullfrog skeleton (D:5)
  A scorpion zombie (D:5)
  Jessica (D:2)
  3 orc wizards
  2 hound skeletons
  A howler monkey skeleton (D:4)
  5 adders
  A worm (D:2)
  6 dart slugs
  16 orcs
  5 bats
  4 endoplasms
  7 giant cockroaches
  9 hobgoblins
  10 kobolds
  A quokka (D:4)
  3 ball pythons
  2 frilled lizards (D:1)
  4 goblins
  A jackal skeleton (D:3)
  7 rats
98 creatures vanquished.

Notes
Turn   | Place    | Note
-------+----------+-------------------------------------------
     0 | D:1      | fragbeetle the Hill Orc Cinder Acolyte began the quest for
                  | the Orb.
     0 | D:1      | Reached XP level 1. HP: 19/19 MP: 2/2
   239 | D:1      | Found a faded altar of an unknown god.
   245 | D:1      | Reached XP level 2. HP: 26/27 MP: 3/3
   249 | D:1      | Learned a level 2 spell: Scorch
   532 | D:1      | Reached XP level 3. HP: 29/33 MP: 4/4
  1268 | D:2      | Found a shadowy altar of Dithmenos.
  1455 | D:2      | Reached XP level 4. HP: 39/40 MP: 1/6
  1511 | D:2      | Noticed Jessica
  1520 | D:2      | Killed Jessica
  1521 | D:2      | Reached skill level 5 in Axes
  2082 | D:2      | Found Ishruppafo's Antique Armour Boutique.
  2181 | D:3      | Reached XP level 5. HP: 16/46 MP: 0/7
  3234 | D:3      | Found a glowing golden altar of the Shining One.
  3234 | D:3      | Found a burning altar of Makhleb.
  3286 | D:3      | Identified the +1 ring mail of Dumuho {Contam rCorr Int-2
                  | Slay+6}
  4563 | D:4      | Reached skill level 5 in Fire Magic
  4563 | D:4      | Reached XP level 6. HP: 53/53 MP: 3/8
  4687 | D:4      | Found Rakuix's Magic Scroll Boutique.
  4695 | D:4      | Bought a scroll of identify for 20 gold pieces
  4695 | D:4      | Bought a scroll of teleportation for 30 gold pieces
  4977 | D:5      | Entered Level 5 of the Dungeon
  4983 | D:5      | Reached skill level 6 in Axes
  5289 | D:5      | Reached XP level 7. HP: 49/60 MP: 3/10
  5346 | D:5      | Reached skill level 5 in Fighting
  5771 | D:5      | Reached skill level 7 in Axes
  6387 | D:5      | Mangled by an ogre

Illustrated notes

Levels and vault maps discovered:
D:1:      tarquinn_simple_flora_water_e, layout_basic,
          hellmonk_ecumenical_altar_pennies_from_heaven, minivault_14
D:2:      layout_basic, serial_shops, shop, basic_altar, uniq_jessica
D:3:      layout_basic, gammafunk_temple_overflow_elements, serial_rivers,
          chequers_serial_rivers_marsh, chequers_serial_rivers_small_b,
          chequers_serial_rivers_room_a, chequers_serial_rivers_small_a,
          chequers_serial_rivers_large_a
D:4:      layout_gridville, serial_shops, shop
D:5:      layout_rooms, nicolae_uskayaw_dance_hall,
          mainiacjoe_overflow_cross_hatched

Skill      XL: |  1  2  3  4  5  6  7 |
---------------+----------------------+-----
Fighting       | 4 5 |  5.3
Fire Magic     | 4 5 6 |  6.2
Axes           | 5 6 7 |  7.4
Spellcasting   | 2 |  2.5

Action                   |  1- 3 |  4- 6 |  7- 9 || total
-------------------------+-------+-------+-------++-------
Melee: Hand axe          |    99 |   112 |    48 ||   259
       Punch             |       |     2 |       ||     2
 Fire: Hunting sling     |       |     4 |       ||     4
 Cast: Scorch            |     1 |    23 |    26 ||    50
  Use: Scroll            |       |       |     3 ||     3
Armor: Robe              |    22 |    18 |       ||    40
       Leather armour    |       |     6 |    11 ||    17
Dodge: Dodged            |    60 |    56 |    31 ||   147

Table legend: (Time is in decaauts)
 A = Elapsed time spent in this place.
 B = Non-inter-level travel time spent in this place.
 C = Inter-level travel time spent in this place.
 D = Time resting spent in this place.
 E = Time spent auto-exploring this place.
 F = Levels seen in this place.
 G = Mean time per level.
                   A        B        C        D        E       F      G
               +--------+--------+--------+--------+--------+-----+--------+
         Total |   6416 |   6217 |    199 |   1189 |   4153 |   5 | 1283.2 |
       Dungeon |   6416 |   6217 |    199 |   1189 |   4153 |   5 | 1283.2 |
               +--------+--------+--------+--------+--------+-----+--------+

Top non-repeatable levels by time:
     D:4: 2002 daAuts
     D:3: 1554 daAuts
     D:1: 1426 daAuts
     D:2: 749 daAuts
     D:5: 684 daAuts
